 Dungeon Crawl Stone Soup version 0.27-a0-531-gb72ec1a1b6 (webtiles) character file.

Game seed: 1094653600158679901

382 dolemite99 the Conjurer (level 6, -3/39 HPs)
             Began as a Gnoll Conjurer on Mar 6, 2021.
             Was an Initiate of Makhleb.
             Slain by an orc wizard
             ... wielding a +0 dagger
              (5 damage)
             ... on level 4 of the Dungeon.
             The game lasted 00:04:48 (4364 turns).

dolemite99 the Conjurer (Gnoll Conjurer)            Turns: 4364, Time: 00:04:49

Health: -3/39      AC:  3    Str:  6 (7)  XL:     6   Next: 76%
Magic:  14/15      EV: 13    Int: 18 (19) God:    Makhleb [......]
Gold:   187        SH:  0    Dex:  9 (10) Spells: 12/15 levels left

rFire    . . .     SeeInvis .   a - +1 quarterstaff
rCold    . . .     Faith    .   (shield currently unavailable)
rNeg     . . .     Spirit   .   C - +0 robe
rPois    .         Reflect  .   m - +0 helmet
rElec    .         Harm     .   (no cloak)
rCorr    .         Rampage  .   (no gloves)
Will     .....                  (no boots)
Stlth    +.........             (no amulet)
HPRegen  0.13/turn              (no ring)
MPRegen  0.14/turn              (no ring)

@: confused, flying
A: fangs 1, deterioration 1, frail 1, high mp 1, strong nose, distributed
training
a: Renounce Religion


You were on level 4 of the Dungeon.
You worshipped Makhleb.
Makhleb was noncommittal.
You visited 1 branch of the dungeon, and saw 4 of its levels.

You collected 187 gold pieces.

Inventory:

Hand Weapons
 a - a +1 quarterstaff (weapon)
 b - a +0 short sword
 d - a +0 spear
 f - a +0 dagger
 y - a +0 hand axe
Missiles
 i - a throwing net
 l - 60 stones
 u - 5 bolts
 x - 96 arrows
 D - 3 curare-tipped darts
Armour
 m - a +0 helmet (worn)
 o - a +0 kite shield
 C - a +0 robe (worn)
Wands
 t - a wand of acid (10)
 E - a wand of mindburst (24)
 G - a wand of digging (4)
Scrolls
 c - a scroll of teleportation
 g - 2 scrolls of identify {@r1}
 n - a scroll of fog
 q - a scroll of fear {unknown}
 v - a scroll of amnesia {unknown}
 A - a scroll of blinking
Potions
 k - a potion of mutation
 p - a potion of lignification {unknown}
 r - 3 potions of cancellation
 s - 2 potions of berserk rage {unknown}
 w - a potion of haste {unknown}
 z - 2 potions of attraction {unknown}
 B - a potion of brilliance {unknown}
 F - a potion of curing {unknown}
 H - 2 potions of magic {unknown}


   Skills:
 + Level 2.1 Fighting
 + Level 2.1 Short Blades
 + Level 2.1 Long Blades
 + Level 2.1 Axes
 + Level 2.1 Maces & Flails
 + Level 2.1 Polearms
 + Level 2.1 Staves
 + Level 2.1 Slings
 + Level 2.1 Bows
 + Level 2.1 Crossbows
 + Level 2.1 Throwing
 + Level 2.1 Armour
 + Level 5.0 Dodging
 + Level 4.7 Stealth
 + Level 2.1 Shields
 + Level 2.1 Unarmed Combat
 + Level 5.4 Spellcasting
 + Level 7.3 Conjurations
 + Level 1.6 Hexes
 + Level 1.6 Summonings
 + Level 1.6 Necromancy
 + Level 1.6 Translocations
 + Level 1.6 Transmutations
 + Level 1.6 Fire Magic
 + Level 1.6 Ice Magic
 + Level 1.6 Air Magic
 + Level 1.6 Earth Magic
 + Level 1.6 Poison Magic
 + Level 2.3 Invocations
 + Level 2.1 Evocations


You had 12 spell levels left.
You knew the following spells:

 Your Spells              Type           Power      Damage    Failure   Level
a - Magic Dart            Conj           100%       1d8       1%          1
b - Searing Ray           Conj           62%        3d5       1%          2

Your spell library contained the following spells:

 Spells                   Type           Power      Damage    Failure   Level
 Dazzling Flash           Conj/Hex       42%        N/A       6%          3
 Fulminant Prism          Conj/Hex       10%        3d9       21%         4
 Iskenderun's Mystic Bla  Conj/Tloc      21%        2d6       21%         4


Dungeon Overview and Level Annotations

Branches:
Dungeon (4/15)
 Temple: D:4-7

Altars:
Kikubaaqudgha
Makhleb
Qazlal
Vehumet
Wu Jian
Zin

Annotations:
D:2 Natasha


Innate Abilities, Weirdness & Mutations

You have very sharp teeth.
Your uncanny sense of smell can sniff out nearby items.
Your experience applies equally to all skills.
Your body sometimes deteriorates upon taking damage.
You are frail. (-10% HP)
You have an increased reservoir of magic. (+10% MP)


Message History

The orc throws a stone.
The stone barely misses you.
You are too confused!
Unknown command.
You hear some strange, mumbled words.
You are more confused.
Something hits you.
* * * LOW HITPOINT WARNING * * *
The giant cockroach closely misses you.
The orc throws a stone.
It was a potion of flight.
You feel very buoyant.
You fly up into the air.
The giant cockroach completely misses you.
Something hits you.
* * * LOW HITPOINT WARNING * * *
It was a potion of heal wounds.
You feel much better.
The giant cockroach bites you but does no damage.
Something hits you but does no damage.
The giant cockroach bites you but does no damage.
You're too confused to move!
Something hits you but does no damage. Something hits you.
The giant cockroach bites you.
You're too confused to move!
The orc hits you. Something hits you but does no damage.
Something barely misses you. The giant cockroach closely misses you.
You bump into the rock wall.
The orc barely misses you. Something hits you. x2
The giant cockroach closely misses you.
You miss something.
The giant cockroach waves its antennae.
The giant cockroach bites you but does no damage.
The orc hits you.
Your body deteriorates!
You feel clumsy. Something hits you. x2
* * * LOW HITPOINT WARNING * * *
The giant cockroach bites you but does no damage.
You closely miss something. The orc hits you but does no damage.
Something hits you but does no damage. The giant cockroach bites you.
* * * LOW HITPOINT WARNING * * *
The orc hits you.
* * * LOW HITPOINT WARNING * * *
Something hits you.
You die...

############ .........o.#
.........B@# .........o{#
.....>.....# ...........# .
...........# ..
...........#........
.........?.......#..o....# .
.................#.......##..
.................#...........


You could see 2 orcs and a giant cockroach.

Vanquished Creatures
  Sigmund (D:3)
  A hound (D:4)
  Ijyb (D:3)
  Natasha (twice) (D:2)
  4 adders
  2 oozes (D:1)
  2 worms
  A dart slug (D:1)
  2 leopard geckos
  7 bats
  A giant cockroach (D:1)
  12 goblins
  11 hobgoblins
  A jackal (D:1)
  5 kobolds
  2 quokkas (D:3)
  2 ball pythons (D:1)
  A frilled lizard (D:2)
  5 rats
63 creatures vanquished.

Notes
Turn   | Place    | Note
-------+----------+-------------------------------------------
     0 | D:1      | dolemite99 the Gnoll Conjurer began the quest for the Orb.
     0 | D:1      | Reached XP level 1. HP: 13/13 MP: 6/6
    79 | D:1      | Reached XP level 2. HP: 10/19 MP: 1/7
   765 | D:1      | Reached XP level 3. HP: 25/25 MP: 6/9
   771 | D:1      | Reached skill level 5 in Spellcasting
  1024 | D:1      | Learned a level 2 spell: Searing Ray
  1149 | D:1      | Reached skill level 1 in Invocations
  1513 | D:2      | Reached skill level 1 in Fighting
  1513 | D:2      | Reached skill level 1 in Short Blades
  1513 | D:2      | Reached skill level 1 in Long Blades
  1513 | D:2      | Reached skill level 1 in Axes
  1513 | D:2      | Reached skill level 1 in Maces & Flails
  1513 | D:2      | Reached skill level 1 in Polearms
  1513 | D:2      | Reached skill level 1 in Staves
  1513 | D:2      | Reached skill level 1 in Slings
  1513 | D:2      | Reached skill level 1 in Bows
  1513 | D:2      | Reached skill level 1 in Crossbows
  1513 | D:2      | Reached skill level 1 in Throwing
  1513 | D:2      | Reached skill level 1 in Armour
  1513 | D:2      | Reached skill level 1 in Shields
  1513 | D:2      | Reached skill level 1 in Unarmed Combat
  1513 | D:2      | Reached skill level 1 in Evocations
  1674 | D:2      | Noticed Natasha
  1680 | D:2      | Killed Natasha
  1681 | D:2      | Reached XP level 4. HP: 14/32 MP: 6/11
  1942 | D:2      | Noticed Natasha
  1949 | D:2      | Killed Natasha
  1950 | D:2      | Reached skill level 1 in Hexes
  1950 | D:2      | Reached skill level 1 in Summonings
  1950 | D:2      | Reached skill level 1 in Necromancy
  1950 | D:2      | Reached skill level 1 in Translocations
  1950 | D:2      | Reached skill level 1 in Transmutations
  1950 | D:2      | Reached skill level 1 in Fire Magic
  1950 | D:2      | Reached skill level 1 in Ice Magic
  1950 | D:2      | Reached skill level 1 in Air Magic
  1950 | D:2      | Reached skill level 1 in Earth Magic
  1950 | D:2      | Reached skill level 1 in Poison Magic
  2065 | D:2      | Noticed Natasha
  2149 | D:2      | Reached XP level 5. HP: 37/37 MP: 8/12
  2328 | D:2      | Found an ancient bone altar of Kikubaaqudgha.
  2479 | D:2      | Found a stormy altar of Qazlal.
  2488 | D:2      | Found a glowing silver altar of Zin.
  2543 | D:2      | Found a burning altar of Makhleb.
  2549 | D:2      | Became a worshipper of Makhleb the Destroyer
  2977 | D:3      | Noticed Sigmund
  2984 | D:3      | Killed Sigmund
  2985 | D:3      | Reached skill level 5 in Dodging
  2985 | D:3      | Reached XP level 6. HP: 24/44 MP: 8/14
  3386 | D:3      | Found an ornate altar of the Wu Jian Council.
  3410 | D:3      | Noticed a spectral centipede
  3410 | D:3      | Noticed a spectral black mamba
  3410 | D:3      | Noticed a spectral cane toad
  3567 | D:3      | Noticed Ijyb
  3578 | D:3      | Killed Ijyb
  4057 | D:3      | Found a radiant altar of Vehumet.
  4215 | D:4      | Gained mutation: Your body sometimes deteriorates upon
                  | taking damage. [potion of mutation]
  4215 | D:4      | Gained mutation: You are frail. (-10% HP) [potion of
                  | mutation]
  4215 | D:4      | Gained mutation: You have an increased reservoir of magic.
                  | (+10% MP) [potion of mutation]
  4364 | D:4      | Slain by an orc wizard

Illustrated notes

Levels and vault maps discovered:
D:1:      shiori_arrival_maze, layout_rooms, nrook_campfire
D:2:      layout_rooms, amethyst_overflow_temple_binary, lemuel_doored_altar,
          lemuel_round_altar, hex_large, uniq_natasha
D:3:      layout_rooms, pdpol_wu_jian_five_deadly_venoms, vehumet_crystals,
          uniq_ijyb, uniq_sigmund
D:4:      layout_gridville

Skill      XL: |  1  2  3  4  5  6 |
---------------+-------------------+-----
Spellcasting   | 5 |  5.4
Invocations    | 1 2 |  2.3
Fighting       | 1 2 |  2.1
Short Blades   | 1 2 |  2.1
Long Blades    | 1 2 |  2.1
Axes           | 1 2 |  2.1
Maces & Flails | 1 2 |  2.1
Polearms       | 1 2 |  2.1
Staves         | 1 2 |  2.1
Slings         | 1 2 |  2.1
Bows           | 1 2 |  2.1
Crossbows      | 1 2 |  2.1
Throwing       | 1 2 |  2.1
Armour         | 1 2 |  2.1
Shields        | 1 2 |  2.1
Unarmed Combat | 1 2 |  2.1
Evocations     | 1 2 |  2.1
Hexes          | 1 |  1.6
Summonings     | 1 |  1.6
Necromancy     | 1 |  1.6
Translocations | 1 |  1.6
Transmutations | 1 |  1.6
Fire Magic     | 1 |  1.6
Ice Magic      | 1 |  1.6
Air Magic      | 1 |  1.6
Earth Magic    | 1 |  1.6
Poison Magic   | 1 |  1.6
Dodging        | 5 |  5.0
Stealth        | |  4.7
Conjurations   | |  7.3

Action                   |  1- 3 |  4- 6 || total
-------------------------+-------+-------++-------
Melee: Short sword       |     4 |     2 ||     6
       Hand axe          |       |     3 ||     3
       Quarterstaff      |       |    17 ||    17
       Bite              |       |     1 ||     1
 Cast: Magic Dart        |    48 |    36 ||    84
       Searing Ray       |     1 |     7 ||     8
  Use: Scroll            |       |     4 ||     4
       Potion            |       |     4 ||     4
Armor: Robe              |     6 |    15 ||    21
Dodge: Dodged            |    11 |    53 ||    64

Table legend: (Time is in decaauts)
 A = Elapsed time spent in this place.
 B = Non-inter-level travel time spent in this place.
 C = Inter-level travel time spent in this place.
 D = Time resting spent in this place.
 E = Time spent auto-exploring this place.
 F = Levels seen in this place.
 G = Mean time per level.
                   A        B        C        D        E       F      G
               +--------+--------+--------+--------+--------+-----+--------+
         Total |   4373 |   4270 |    103 |   2397 |   1097 |   4 | 1093.2 |
       Dungeon |   4373 |   4270 |    103 |   2397 |   1097 |   4 | 1093.2 |
               +--------+--------+--------+--------+--------+-----+--------+

Top non-repeatable levels by time:
     D:1: 1447 daAuts
     D:3: 1367 daAuts
     D:2: 1333 daAuts
     D:4: 224 daAuts
